 Dungeon Crawl Stone Soup version 0.17-a0-1731-g129c023 (webtiles) character file.

17 kosy22 the Ducker (level 2, -4/29 HPs)
             Began as a Troll Fighter on Aug 29, 2015.
             Killed from afar by Terence (11 damage)
             ... with a wand of flame
             ... on level 2 of the Dungeon.
             The game lasted 00:02:31 (1003 turns).

kosy22 the Ducker (Troll Fighter)                   Turns: 1003, Time: 00:02:31

Health: -4/29      AC:  5    Str: 23    XL:     2   Next: 44%
Magic:  1/1        EV:  8    Int:  4    God:
Gold:   93         SH:  8    Dex:  9    Spells: 0 memorised, 1 level left

rFire  . . .     SeeInvis .     a - +0 rapier
rCold  . . .     Clarity  .     b - +0 robe
rNeg   . . .     SustAt   .     c - +0 shield
rPois  .         Gourm    +     (helmet restricted)
rElec  .         Spirit   .     (no cloak)
rCorr  .         Warding  .     (gloves unavailable)
rMut   .         Stasis   .     (boots unavailable)
MR     .....                    k - amulet of regeneration
Stlth  +.........               (no ring)
                                (no ring)

@: not resistant to hostile enchantments, very unstealthy
A: unfitting armour, claws 3, fast metabolism 3, gourmand, regeneration 2,
shaggy fur 1, tough skin 2
a: no special abilities


You were on level 2 of the Dungeon.
You were very full.

You visited 1 branch of the dungeon, and saw 2 of its levels.

You collected 93 gold pieces.

Inventory:

Hand weapons
 a - a +0 rapier (weapon)
Armour
 b - a +0 robe (worn)
 c - a +0 shield (worn)
Jewellery
 k - an amulet of regeneration (around neck)
Scrolls
 f - a scroll of remove curse {unknown}
 i - a scroll of noise {unknown}
 j - a scroll of recharging {unknown}
 l - a scroll of identify {unknown}
Potions
 d - a potion of might
 e - 2 potions of flight {unknown}
 g - a potion of heal wounds {unknown}
 h - a potion of curing {unknown}


   Skills:
 + Level 2.7 Fighting
 + Level 1.6 Short Blades
 + Level 2.7 Dodging
 + Level 2.6 Shields


You had one spell level left.
You didn't know any spells.

Dungeon Overview and Level Annotations

Branches:
Dungeon (2/15)

Altars:
Makhleb
Okawaru

Annotations:
D:2 Terence


Innate Abilities, Weirdness & Mutations

You are too large for most types of armour.
You have claws for hands.
Your metabolism is lightning-fast.
You like to eat raw meat.
You heal very quickly.
You are covered in fur (AC +1).
You have very tough skin (AC +2).


Message History

There is an open door here.
Terence zaps a wand.
The puff of flame hits you!
You hit Terence but do no damage.
Terence zaps a wand.
The puff of flame hits you!
You hit Terence but do no damage. Terence looks scornfully at you.
Terence zaps a wand.
The puff of flame misses you.
You hit Terence but do no damage.
Terence zaps a wand.
The puff of flame hits you! Terence barely misses you.
You hit Terence but do no damage.
Terence zaps a wand.
The puff of flame hits you!
You closely miss Terence.
Terence zaps a wand.
The puff of flame hits you!
* * * LOW HITPOINT WARNING * * *
You hit Terence.
Terence is lightly wounded.
You block Terence's attack.
You barely miss Terence.
Terence is lightly wounded.
Terence zaps a wand.
The puff of flame hits you!
You die...

.....# .....# #...
...... .....### #...
...... .......# #...
.>.$.. .......#
#...###...... .......#
#..........## .......#
#............ .......#
#........... .......#
#...@@...... .......#
#...........
<......#########'###....
.......'.....# #.# ...
.......#####.# #.# .
.......# #.# #.#
...)...# #.# #.#
######## #.# #.# #.# #.#


You could see Terence.

Vanquished Creatures
  A ball python (D:1)
  2 bats
  3 giant cockroaches
  A goblin (D:1)
  A hobgoblin (D:1)
  A giant gecko (D:2)
  2 giant newts
  2 kobolds
  3 rats
16 creatures vanquished.

Notes
Turn   | Place    | Note
--------------------------------------------------------------
     0 | D:1      | kosy22 the Troll Fighter began the quest for the Orb.
     0 | D:1      | Reached XP level 1. HP: 22/22 MP: 0/0
   363 | D:1      | Reached XP level 2. HP: 27/29 MP: 1/1
   834 | D:2      | Found a burning altar of Makhleb.
   841 | D:2      | Found an iron altar of Okawaru.
   993 | D:2      | Noticed Terence
  1003 | D:2      | Killed from afar by Terence

Vault maps used:
D:1:      dpeg_arrival_leaves_temple_mockup
D:2:      gammafunk_temple_overflow_forgotten, uniq_terence, uniq_sigmund

Action                   || total
-------------------------++-------
Melee: Rapier            ||    66
  Eat: Chunk             ||     7
       Bread ration      ||     2
